 Dungeon Crawl Stone Soup version 0.30-a0-373-gd37427bb62 (webtiles) character file.

Game seed: 2303610234981304837

140 funkygono the Firebug (level 5, -3/36 HPs)
             Began as a Demonspawn Fire Elementalist on Nov 24, 2022.
             Slain by Duvessa
             ... wielding a +0 short sword
              (10 damage)
             ... on level 4 of the Dungeon.
             The game lasted 00:05:47 (3487 turns).

funkygono the Firebug (DsFE)                        Turns: 3487, Time: 00:05:47

Health: -3/36      AC:  6    Str:  9    XL:     5   Next: 2%
Magic:  4/10       EV: 13    Int: 18    God:
Gold:   213        SH:  0    Dex: 19    Spells: 4/10 levels left

rFire   . . .      SeeInvis .    i - +0 short sword (protect)
rCold   + . .      Faith    .    (no shield)
rNeg    . . .      Spirit   .    a - +0 robe
rPois   .          Reflect  .    (helmet restricted)
rElec   .          Harm     .    d - +1 cloak
rCorr   .          Rampage  .    p - +1 pair of gloves
Will    .....                    (no boots)
Stlth   ++........               (no amulet)
HPRegen 0.26/turn                j - ring of protection from cold
MPRegen 0.12/turn                s - +6 ring of dexterity

@: no status effects
A: horns 1, foul stench 1
a: no special abilities


You were on level 4 of the Dungeon.
You visited 1 branch of the dungeon, and saw 4 of its levels.

You collected 213 gold pieces.

Inventory:

Hand Weapons
 i - a +0 short sword of protection (weapon)
 m - a +0 flail
Armour
 a - a +0 robe (worn)
 d - a +1 cloak (worn)
 p - a +1 pair of gloves (worn)
 u - a +1 cloak
Jewellery
 j - a ring of protection from cold (left hand)
 s - a +6 ring of dexterity (right hand)
Wands
 q - a wand of flame (8)
Scrolls
 c - a scroll of enchant armour
Potions
 b - a potion of magic
 e - a potion of attraction
 h - a potion of resistance {unknown}
 k - a potion of heal wounds {unknown}
 l - a potion of flight {unknown}
 n - a potion of might {unknown}
 o - 2 potions of curing


   Skills:
 + Level 0.3 Fighting
 + Level 2.2 Dodging
 - Level 1.7 Stealth
 + Level 3.3 Spellcasting
 + Level 1.9 Conjurations
 + Level 3.8 Fire Magic


You had 4 spell levels left.
You knew the following spells:

 Your Spells              Type           Power      Damage    Failure   Level
a - Foxfire               Conj/Fire      52%        2x1d6     4%          1
b - Scorch                Fire           32%        2d7       4%          2
c - Kindle Blastsparks    Fire/Tloc/Air  14%        2d11      28%         3

Your spell library contained the following spells:

 Spells                   Type           Power      Damage    Failure   Level
 Slow                     Hex            12%        N/A       16%         1
 Inner Flame              Hex/Fire       9%         N/A       22%         3
 Confusing Touch          Hex            3%         N/A       43%         3
 Vampiric Draining        Necr           3%         2d6       43%         3
 Vhi's Electric Charge    Tloc/Air       6%         N/A       43%         3
 Flame Wave               Conj/Fire      13%        2d6       43%         4
 Fireball                 Conj/Fire      6%         3d5       80%         5
 Iskenderun's Battlesphe  Conj           9%         2d6       89%         5
 Arcjolt                  Conj/Air       3%         1d13      96%         5
 Conjure Ball Lightning   Conj/Air       3%         3x3d6     100%        6
 Orb of Destruction       Conj           4%         9d5       100%        7
 Maxwell's Capacitive Co  Air            1%         ∞         100%        8


Dungeon Overview and Level Annotations

Branches:
Dungeon (4/15)
 Temple: D:4-7

Altars:

Shops:
D:3 =

Annotations:
D:4 Dowan, Duvessa


Innate Abilities, Weirdness & Mutations

You have a pair of small horns on your head.
You may rarely emit foul miasma when damaged in melee.


Message History

Casting: Foxfire (safe; 4% risk of failure)
Confirm with . or Enter, or press ? or * to list all spells.
You don't have enough magic to cast this spell.
Unknown command.
The foxfire hits the dart slug.
The dart slug is moderately wounded.
The foxfire hits the dart slug.
The dart slug is heavily wounded.
Dowan, Brother of Duvessa comes into view.
He is wielding a +2 dagger of holy wrath.
The dart slug launches a dart at you. The slug dart hits you.
You see here a +0 club.
Dowan shouts!
Dowan mumbles some strange words.
Dowan blinks!
Dowan says, "Where the sword fails, magic succeeds!"
Dowan casts a spell at Duvessa.
Duvessa seems to speed up.
Duvessa hits you with a +0 short sword.
You emit a cloud of foul miasma!
Duvessa attacks as you move away! Duvessa closely misses you.
Duvessa is engulfed in dark miasma.
Duvessa is poisoned.
Duvessa says, "Where magic fails, the sword succeeds!"
Duvessa attacks as you move away! Duvessa hits you with a +0 short sword.
A goblin comes into view. It is wielding a +0 dagger.
Found a stone staircase leading down.
Duvessa completely misses you. Duvessa attacks as you move away!
Duvessa hits you with a +0 short sword.
Duvessa gestures with her weapon.
Duvessa barely misses you. Duvessa attacks as you move away!
Duvessa barely misses you. Duvessa hits you with a +0 short sword.
Duvessa attacks as you move away! Duvessa hits you but does no damage.
Duvessa hits you with a +0 short sword.
* * * LOW HITPOINT WARNING * * *
Duvessa looks more healthy.
Duvessa attacks as you move away! Duvessa hits you but does no damage. x2
Duvessa attacks as you move away! Duvessa hits you with a +0 short sword.
* * * LOW HITPOINT WARNING * * *
Duvessa hits you but does no damage. Duvessa attacks as you move away!
Duvessa hits you with a +0 short sword!
You die...

###......>..# #..
#.......###.# #..
######e##..# #.# #.. #..#
#.##..# #.#####.. #..#
#.##..###........ ######..#
#.##......#####.. .......<#
#.###............
######..###e###.........#.#
#....@...............#
#..###############.### #.##
#.# #.# #.# #.# #.# #.# <.#
#.# ### #.# #.#


You could see Duvessa (fast) and Dowan.

Vanquished Creatures
  Ijyb (D:4)
  A gnoll (D:1)
  2 adders (D:3)
  A worm (D:2)
  A dart slug (D:2)
  An orc (D:3)
  8 endoplasms
  2 giant cockroaches
  6 goblins
  4 hobgoblins
  13 jackals
  6 kobolds
  7 quokkas
  8 ball pythons
  5 bats
  3 frilled lizards
  A rat (D:2)
70 creatures vanquished.

Vanquished Creatures (others)
  200 foxfires
  A plant (D:1)
201 creatures vanquished.

Grand Total: 271 creatures vanquished

Notes
Turn   | Place    | Note
-------+----------+-------------------------------------------
     0 | D:1      | funkygono the Demonspawn Fire Elementalist began the quest
                  | for the Orb.
     0 | D:1      | Reached XP level 1. HP: 13/13 MP: 3/3
   292 | D:1      | Gained mutation: You have a pair of small horns on your
                  | head. [demonic ancestry]
   292 | D:1      | Reached XP level 2. HP: 16/19 MP: 1/5
   295 | D:1      | Learned a level 2 spell: Scorch
   478 | D:1      | Reached XP level 3. HP: 24/24 MP: 1/6
   482 | D:1      | Learned a level 3 spell: Kindle Blastsparks
   748 | D:1      | Found a faded altar of an unknown god.
  1876 | D:2      | Gained mutation: You may rarely emit foul miasma when
                  | damaged in melee. [demonic ancestry]
  1876 | D:2      | Reached XP level 4. HP: 31/31 MP: 4/8
  2628 | D:3      | Found Kicwyddi's Jewellery Boutique.
  3424 | D:4      | Noticed Ijyb
  3442 | D:4      | Killed Ijyb
  3443 | D:4      | Reached XP level 5. HP: 23/36 MP: 1/10
  3452 | D:4      | Noticed Duvessa
  3455 | D:4      | Noticed Dowan
  3487 | D:4      | Slain by Duvessa

Illustrated notes

Levels and vault maps discovered:
D:1:      kilobyte_arrival_exit_the_forest, layout_loops_cross,
          dreamdust_ecumenical_altar_statues, nicolae_grassy_gnolls
D:2:      layout_basic, minmay_misc_feat_pillars
D:3:      layout_loops_ring, serial_shops, nicolae_shop_behind_doors
D:4:      layout_loops_ring, serial_shops, shop_fountains, shop_coins,
          kennysheep_mini_moat, chequers_serial_rivers_micro_b, uniq_ijyb,
          uniq_duvessa, uniq_crazy_yiuf_cottage

Skill      XL: |  1  2  3  4 |
---------------+-------------+-----
Fire Magic     | 3 |  3.8
Dodging        | 2 |  2.2
Spellcasting   | 3 |  3.3
Fighting       | |  0.3
Stealth        | |  1.7
Conjurations   | |  1.9

Action                   |  1- 3 |  4- 6 || total
-------------------------+-------+-------++-------
Melee: Short sword       |     2 |     7 ||     9
       Headbutt          |     2 |     1 ||     3
 Cast: Foxfire           |    74 |    47 ||   121
       Scorch            |     2 |     6 ||     8
  Use: Scroll            |       |    10 ||    10
Armor: Robe              |    15 |     6 ||    21
Dodge: Dodged            |    67 |    14 ||    81

Table legend: (Time is in decaauts)
 A = Elapsed time spent in this place.
 B = Non-inter-level travel time spent in this place.
 C = Inter-level travel time spent in this place.
 D = Time resting spent in this place.
 E = Time spent auto-exploring this place.
 F = Levels seen in this place.
 G = Mean time per level.
                   A        B        C        D        E       F      G
               +--------+--------+--------+--------+--------+-----+--------+
         Total |   3492 |   3396 |     96 |     72 |   2760 |   4 |  873.0 |
       Dungeon |   3492 |   3396 |     96 |     72 |   2760 |   4 |  873.0 |
               +--------+--------+--------+--------+--------+-----+--------+

Top non-repeatable levels by time:
     D:1: 1490 daAuts
     D:3: 1004 daAuts
     D:2: 793 daAuts
     D:4: 203 daAuts
